 Dungeon Crawl Stone Soup version 0.29-a0-2-g12fcac58f8 (webtiles) character file.

Game seed: 4698974583529722726

9 HallandMoats the Skirmisher (level 2, 0/26 HPs)
             Began as a Ghoul Monk on Jan 27, 2022.
             Slain by a rat (1 damage)
             ... on level 1 of the Dungeon.
             The game lasted 00:00:13 (204 turns).

HallandMoats the Skirmisher (Ghoul Monk)             Turns: 204, Time: 00:00:14

Health: 0/26       AC:  2    Str: 14    XL:     2   Next: 12%
Magic:  1/1        EV: 12    Int:  5    God:
Gold:   0          SH:  0    Dex: 11    Spells: 1/1 levels left

rFire   . . .      SeeInvis .     - Unarmed
rCold   + . .      Faith    .   (no shield)
rNeg    + + +      Spirit   .   a - +0 robe
rPois   ∞          Reflect  .   (no helmet)
rElec   .          Harm     .   (no cloak)
rCorr   .          Rampage  .   (no gloves)
Will    .....                   (no boots)
Stlth   ++........              (no amulet)
HPRegen 0.00/turn               (no ring)
MPRegen 0.07/turn               (no ring)

@: inhibited regen
A: claws 1, cold resistance 1, negative energy resistance 3, inhibited
regeneration, torment resistance 2
a: no special abilities


You were on level 1 of the Dungeon.
You visited 1 branch of the dungeon, and saw 1 of its levels.

Inventory:

Armour
 a - a +0 robe (worn)
Scrolls
 b - 3 scrolls of identify {unknown}
Potions
 c - a potion of might {unknown}


   Skills:
 * Level 3.5 Fighting
 + Level 0.3 Armour
 + Level 2.7 Dodging
 - Level 2.1 Stealth
 * Level 3.5 Unarmed Combat


You had one spell level left.
You didn't know any spells.
Your spell library was empty.

Dungeon Overview and Level Annotations

Branches:
Dungeon (1/15)

Altars:


Innate Abilities, Weirdness & Mutations

You thrive by killing the living.
You are immune to poison.
You have sharp fingernails.
Your flesh is cold resistant. (rC+)
You are immune to negative energy. (rN+++)
You do not regenerate when monsters are visible.
You are immune to unholy pain and torment.


Message History

The ball python closely misses you. The ball python grabs you.
The ball python constricts you.
You closely miss the ball python. The kobold hits you with a +0 club.
The rat barely misses you. The ball python misses you.
The ball python constricts you.
You closely miss the ball python. The kobold hits you with a +0 club.
The ball python closely misses you. The ball python constricts you.
The rat barely misses you.
You barely miss the ball python. The ball python closely misses you.
The ball python constricts you. The kobold hits you with a +0 club.
The rat bites you.
You claw the ball python!
You kill the ball python!
You feel better. The kobold closely misses you. The rat bites you.
You have reached level 2!
You closely miss the kobold.
The kobold is moderately wounded.
The kobold hits you with a +0 club. The rat misses you.
You closely miss the kobold.
The kobold is moderately wounded.
The kobold hits you with a +0 club. The rat misses you.
You closely miss the kobold.
The kobold is moderately wounded.
The kobold hits you with a +0 club. The rat bites you.
* * * LOW HITPOINT WARNING * * *
You barely miss the kobold.
The kobold is moderately wounded.
The kobold hits you with a +0 club.
* * * LOW HITPOINT WARNING * * *
The rat bites you.
* * * LOW HITPOINT WARNING * * *
You scratch the kobold.
You kill the kobold!
You feel better. The rat bites you but does no damage.
Things that are here:
a +0 club; a kobold corpse You closely miss the rat.
The rat bites you.
* * * LOW HITPOINT WARNING * * *
You barely miss the rat. The rat bites you.
You die...

#........#
#........#
#........#
#######........#
....#..........#
...............
.............#
.......$..r@.#
.............#
.........)...#
.........[.>....#
...............##
........#.....####.
...................
......####.#######.
...........#


You could see a rat.

Vanquished Creatures
  A ball python (D:1)
  An endoplasm (D:1)
  A giant cockroach (D:1)
  3 kobolds (D:1)
  A bat (D:1)
7 creatures vanquished.

Notes
Turn   | Place    | Note
-------+----------+-------------------------------------------
     0 | D:1      | HallandMoats the Ghoul Monk began the quest for the Orb.
     0 | D:1      | Reached XP level 1. HP: 19/19 MP: 0/0
   195 | D:1      | Reached XP level 2. HP: 14/26 MP: 1/1
   203 | D:1      | HP: 1/26 [rat (2)]
   204 | D:1      | Slain by a rat

Illustrated notes

Levels and vault maps discovered:
D:1:      saegor_arrival_simple_c, layout_rooms

Action                   || total
-------------------------++-------
Melee: Unarmed           ||    29
 Stab: Sleeping          ||     1
Armor: Robe              ||     5
Dodge: Dodged            ||    19

Table legend: (Time is in decaauts)
 A = Elapsed time spent in this place.
 B = Non-inter-level travel time spent in this place.
 C = Inter-level travel time spent in this place.
 D = Time resting spent in this place.
 E = Time spent auto-exploring this place.
 F = Levels seen in this place.
 G = Mean time per level.
                   A        B        C        D        E       F      G
               +--------+--------+--------+--------+--------+-----+--------+
         Total |    202 |    202 |      0 |      0 |    148 |   1 |  202.0 |
       Dungeon |    202 |    202 |      0 |      0 |    148 |   1 |  202.0 |
               +--------+--------+--------+--------+--------+-----+--------+

Top non-repeatable levels by time:
     D:1: 202 daAuts
